 Dungeon Crawl Stone Soup version 0.24.0-1-gfbc8707122 (webtiles) character file.

Game seed: 16745123169789629294, levelgen mode: deterministic

1610 Aviak the Insei (level 8, 0/82 HPs)
             Began as an Octopode Transmuter on Oct 27, 2019.
             Was an Initiate of Sif Muna.
             Succumbed to a killer bee's poison
             ... on level 6 of the Dungeon.
             The game lasted 00:11:41 (8057 turns).

Aviak the Insei (Octopode Transmuter)               Turns: 8057, Time: 00:11:42

Health: 0/82       AC: 24    Str:  9    XL:     8   Next: 95%
Magic:  11/12      EV:  2    Int: 16    God:    Sif Muna [......]
Gold:   300        SH:  0    Dex: 19    Spells: 7/13 levels left

rFire    . . .     SeeInvis +     - Unarmed
rCold    . . .     Gourm    .   (no shield)
rNeg     + + +     Faith    .   (helmet currently unavailable)
rPois    +         Spirit   .   t - amulet of the acrobat
rElec    .         Reflect  .   n - ring of resist corrosion
rCorr    +         Harm     .   Z - ring of see invisible
MR       .....     NoTele   +   (no ring)
Stlth    +++.......             (no ring)
HPRegen  0.23/turn              (no ring)
MPRegen  0.13/turn              (no ring)
                                (no ring)
                                (no ring)

@: agile, lethally poisoned (0 -> -14), tree-form
A: almost no armour, stealthy swim, (amphibious), 8 rings, (constrict 8)
a: Renounce Religion


You were on level 6 of the Dungeon.
You worshipped Sif Muna.
Sif Muna was noncommittal.
You were not hungry.
You were a tree.
You visited 2 branches of the dungeon, and saw 8 of its levels.
You also visited: Sewer.

You collected 300 gold pieces.

Inventory:

Missiles
 a - 95 arrows
Armour
 p - a +0 buckler
Jewellery
 g - an uncursed amulet of rage
 n - a ring of resist corrosion (left branch)
 t - an amulet of the acrobat (around neck)
 Z - a ring of see invisible (right branch)
Wands
 q - a wand of random effects (6)
 v - a wand of enslavement (10)
Scrolls
 i - 2 scrolls of identify
 j - 3 scrolls of fear
 k - 2 scrolls of magic mapping
 m - 3 scrolls of teleportation {unknown}
 o - a scroll of amnesia {unknown}
 r - 2 scrolls of remove curse
 s - 3 scrolls of enchant armour {unknown}
 u - a scroll of enchant weapon {unknown}
Potions
 e - 8 potions of flight
 f - a potion of haste
 h - a potion of might
 l - a potion of brilliance
Comestibles
 b - 3 rations


   Skills:
 + Level 5.3 Fighting
 + Level 4.6 Dodging
 - Level 4.0 Shields
 + Level 6.1 Unarmed Combat
 - Level 3.0 Spellcasting
 - Level 4.0 Transmutations
 - Level 3.0 Poison Magic


You had 7 spell levels left.
You knew the following spells:

 Your Spells              Type           Power        Failure   Level  Hunger
a - Beastly Appendage     Tmut           ###...       3%          1    #......
b - Sticks to Snakes      Tmut           ###.....     5%          2    ##.....
c - Spider Form           Tmut/Pois      ##........   13%         3    ###....

Your spell library contained the following spells:

 Spells                   Type           Power        Failure   Level  Hunger
 Ice Form                 Ice/Tmut       #.......     63%         4    #####..
 Blade Hands              Tmut           ###.......   69%         5    ######.


Dungeon Overview and Level Annotations

Branches:
Dungeon (7/15)             Temple (1/1) D:5           Sewer (visited)

Altars:
Ashenzari
Cheibriados
Dithmenos
Elyvilon
Fedhas
Gozag
Hepliaklqana
Kikubaaqudgha
Nemelex Xobeh
Qazlal
Ru
Sif Muna
Trog
Uskayaw
Vehumet
Xom
Yredelemnul

Shops:
D:5 %


Innate Abilities, Weirdness & Mutations

You cannot wear most types of armour.
You are very stealthy in the water. (Stealth+)
((You are amphibious.))
You can wear up to eight rings at the same time.
((You can use your tentacles to constrict eight enemies at once.))
((Your skin changes colour to match your surroundings (Stealth+).))
((Your rubbery body absorbs attacks. (AC +1, EV +1)))


Message History

* * * LOW HITPOINT WARNING * * *
You are more poisoned.
The killer bee poisons you!
You smack the killer bee!
Your punch misses the killer bee.
The killer bee is heavily wounded.
* * * LOW HITPOINT WARNING * * *
You feel sick.
The killer bee stings you but does no damage. x2
You hit the killer bee.
The killer bee is almost dead.
* * * LOW HITPOINT WARNING * * *
You feel sick.
The killer bee stings you but does no damage.
Unknown command.
You hit the killer bee.
You kill the killer bee!
Sif Muna accepts your kill.
Training target 4.0 for Shields reached!
Your Shields skill increases to level 4!
You die...

##.#.##.........#
##'##
#.###.##.##.###.#
#.# #..#.###.##.#
#.# #.### #.#.##
#.##.###.#######.#.#
#.###
#.##................
#.#
#.######.#####....#.
#.# #.# #.# ##..###
#######.# #>######.#
##..#. .^......#
#.†♣.....# ###.#
######### ##########
###


There were no monsters in sight!

Vanquished Creatures
  A sky beast (D:5)
  A phantom (D:4)
  A black bear (D:6)
  An ogre (D:5)
  A wyvern skeleton (D:6)
  4 killer bees (D:6)
  A howler monkey (D:4)
  6 crimson imps
  A centaur zombie (D:5)
  3 hounds
  2 orc priests (D:3)
  2 bullfrog skeletons (D:5)
  An iguana (D:5)
  3 orc wizards (D:5)
  3 worker ants
  A hound skeleton (D:6)
  A river rat (D:3)
  9 adders
  3 gnolls
  4 oozes (Sewer)
  An adder zombie (D:5)
  5 worms
  2 dart slugs (D:1)
  4 leopard geckos
  16 orcs
  8 giant cockroaches
  7 goblins
  9 hobgoblins
  12 jackals
  A quokka (D:7)
  8 ball pythons
  13 bats
  6 frilled lizards
  A jackal skeleton (D:5)
  9 kobolds
  A leopard gecko skeleton (D:4)
  A quokka zombie (D:3)
  8 rats
161 creatures vanquished.

Vanquished Creatures (collateral kills)
  An ice beast (D:5)
1 creature vanquished.

Grand Total: 162 creatures vanquished

Notes
Turn   | Place    | Note
-------+----------+-------------------------------------------
     0 | D:1      | Aviak the Octopode Transmuter began the quest for the Orb.
     0 | D:1      | Reached XP level 1. HP: 13/13 MP: 3/3
   298 | D:1      | Reached XP level 2. HP: 18/18 MP: 5/5
   922 | D:2      | Reached XP level 3. HP: 13/23 MP: 6/6
   926 | D:2      | Learned a level 2 spell: Sticks to Snakes
  1092 | D:2      | Learned a level 3 spell: Spider Form
  1493 | D:2      | Reached XP level 4. HP: 27/29 MP: 7/7
  1664 | D:3      | Reached skill level 1 in Poison Magic
  1695 | D:3      | Found a glowing drain.
  1746 | D:3      | Reached XP level 5. HP: 19/34 MP: 3/9
  1752 | Sewer    | Entered a sewer
  3592 | D:4      | Noticed a phantom
  3636 | D:4      | HP: 1/35 [phantom (8)]
  3649 | D:4      | Killed a phantom
  3649 | D:4      | Reached skill level 4 in Unarmed Combat
  3649 | D:4      | Reached XP level 6. HP: 2/41 MP: 1/10
  4886 | D:4      | Reached XP level 7. HP: 36/46 MP: 6/11
  5330 | D:4      | Reached skill level 1 in Shields
  5387 | D:4      | Found a white marble altar of Elyvilon.
  5506 | D:5      | Entered Level 5 of the Dungeon
  5779 | D:5      | Found Bago's Food Shoppe.
  5815 | D:5      | Found a staircase to the Ecumenical Temple.
  5825 | Temple   | Entered the Ecumenical Temple
  5949 | Temple   | Became a worshipper of Sif Muna the Loreminder
  6002 | D:5      | Reached skill level 5 in Unarmed Combat
  6033 | D:5      | Reached XP level 8. HP: 44/54 MP: 8/12
  7085 | D:6      | Reached skill level 5 in Fighting
  7947 | D:7      | Noticed a hornet
  7962 | D:6      | Reached skill level 6 in Unarmed Combat
  8054 | D:6      | HP: 4/82 [killer bee (6)]
  8056 | D:6      | HP: 1/82 [poisoned by a killer bee]
  8057 | D:6      | Succumbed to a killer bee's poison

Levels and vault maps discovered:
D:1:      dpeg_arrival_stone_temple_mockup, layout_loops_corners
D:2:      layout_loops_ring
D:3:      layout_loops_ring, portal_sewer_entry_a, minmay_ruptured
D:4:      layout_layer_cave, nicolae_overflow_crystal_walls, first_ration,
          minmay_quantized
D:5:      layout_loops_cross, minmay_temple_entry_wispy, serial_shops,
          nicolae_shop_window_shopping
D:6:      layout_loops_corners
D:7:      layout_loops_cross, tso_oasis_becter,
          lightli_ossuary_entry_decrepit_ruins, uniq_menkaure
Temple:   nicolae_temple_elliptical

Skill      XL: |  1  2  3  4  5  6  7  8 |
---------------+-------------------------+-----
Poison Magic   | 1 2 3 |  3.0
Fighting       | 2 3 4 5 |  5.3
Transmutations | 3 4 |  4.0
Spellcasting   | 3 |  3.0
Unarmed Combat | 4 5 6 |  6.1
Shields        | 2 4 |  4.0
Dodging        | 3 4 |  4.6

Action                   |  1- 3 |  4- 6 |  7- 9 || total
-------------------------+-------+-------+-------++-------
Melee: Unarmed           |    71 |   208 |   202 ||   481
       Constrict         |    23 |    46 |    18 ||    87
       Tentacles         |    14 |    36 |    17 ||    67
       Kick              |     2 |    28 |     2 ||    32
       Punch             |       |     2 |     1 ||     3
 Cast: Beastly Appendage |     5 |    21 |     1 ||    27
       Sticks to Snakes  |       |    19 |     6 ||    25
       Spider Form       |       |     5 |    11 ||    16
  Use: Potion            |       |     6 |     4 ||    10
       Scroll            |       |    10 |       ||    10
 Stab: Sleeping          |     6 |    11 |     4 ||    21
       Distracted        |       |     1 |       ||     1
  Eat: Chunk             |     2 |     8 |    10 ||    20
       Ration            |       |     1 |     1 ||     2
Armor: Skin              |     6 |    19 |    18 ||    43
Dodge: Dodged            |    36 |   142 |   170 ||   348
